 Dungeon Crawl Stone Soup version 0.26-a0-661-g406de6ba63 (webtiles) character file.

Game seed: 11184738811514984923

147 tacoguy the Skirmisher (level 5, -3/47 HPs)
             Began as a Hill Orc Fighter on Oct 8, 2020.
             Slain by Natasha (8 damage)
             ... on level 2 of the Dungeon.
             The game lasted 00:05:52 (2212 turns).

tacoguy the Skirmisher (Hill Orc Fighter)           Turns: 2212, Time: 00:05:52

Health: -3/47      AC:  7    Str: 20    XL:     5   Next: 29%
Magic:  5/5        EV:  8    Int:  8    God:
Gold:   143        SH:  9    Dex: 10    Spells: 4/4 levels left

rFire    . . .     SeeInvis .   a - +0 war axe
rCold    . . .     Faith    .   c - +0 kite shield
rNeg     . . .     Spirit   .   b - +0 scale mail
rPois    .         Reflect  .   (no helmet)
rElec    .         Harm     .   (no cloak)
rCorr    .         Rampage  .   (no gloves)
MR       .....                  (no boots)
Stlth    ..........             (no amulet)
HPRegen  0.15/turn              (no ring)
MPRegen  0.09/turn              (no ring)

@: no status effects
A: no striking features
a: no special abilities


You were on level 2 of the Dungeon.
You visited 1 branch of the dungeon, and saw 2 of its levels.

You collected 143 gold pieces.

Inventory:

Hand Weapons
 a - a +0 war axe (weapon)
Missiles
 q - 6 curare-tipped darts (quivered)
Armour
 b - a +0 scale mail (worn)
 c - a +0 kite shield (worn)
Scrolls
 e - 2 scrolls of remove curse
 g - a scroll of enchant armour {unknown}
 h - 2 scrolls of identify
 j - a scroll of immolation {unknown}
 l - a scroll of fog {unknown}
 n - a scroll of random uselessness {unknown}
 p - a scroll of teleportation {unknown}
Potions
 d - a potion of might
 i - a potion of stabbing {unknown}
 k - a potion of haste {unknown}
 m - 2 potions of heal wounds {unknown}
 o - 2 potions of brilliance {unknown}


   Skills:
 + Level 4.4 Fighting
 + Level 4.0 Axes
 + Level 4.1 Armour
 + Level 1.4 Dodging
 + Level 4.1 Shields


You had 4 spell levels left.
You didn't know any spells.
Your spell library was empty.

Dungeon Overview and Level Annotations

Branches:
Dungeon (2/15)

Altars:
Cheibriados
Xom

Annotations:
D:2 Natasha


Message History

* * * LOW HITPOINT WARNING * * *
You block the white imp's attack. You block the shadow imp's attack.
Natasha mumbles some strange words.
The white imp barely misses you.
You hit Natasha but do no damage.
Natasha is severely wounded.
You hit the white imp. You hit the shadow imp. The shadow imp gestures at you.
Pain shoots through your body!
* * * LOW HITPOINT WARNING * * *
The white imp gestures at you. You block the puff of frost.
Natasha closely misses you.
The crimson imp blinks!
The shadow imp hits you but does no damage.
You barely miss Natasha.
Natasha is severely wounded.
You hit the white imp. You barely miss the shadow imp.
Natasha claws you but does no damage. You block the white imp's attack.
The crimson imp blinks!
The shadow imp closely misses you. Natasha claws you!
You die...

.# #.# ##<##..##..##.....#... .#
#.###...#......##.#.#...>. .#
##.#............##.#.#.#...
.######)...#...#..#.............#
.##.....#..##.....#.#.##.###.#>.#
.##.###...###..##..###.#.# #.#..#
.##.####.## #..§#5## ##.)###.#..#
.#...###.#####.5.## ##.........
....#.##.##....h@†## ##.####.#.##
.........##.##§5##.###.#####.#.#
##..#######.##..###.#..# #.(...#
#.## #.##..##...#.# #.#.#.## #.#
#.##..##.###.# #.#..... #.#
#.##..##.###.###.###.## #.#
#.##..##.##...##.....# #.#
#.##..##.##...######.# #.#
##.##..##........####.#


You could see Natasha, a crimson imp (summoned), a white imp (summoned) and a
shadow imp (summoned).

Vanquished Creatures
  A centaur skeleton (D:2)
  Natasha (twice) (D:2)
  2 adders (D:2)
  2 oozes
  2 leopard geckos
  8 bats
  5 giant cockroaches
  6 hobgoblins
  2 jackals (D:2)
  2 kobolds
  A quokka (D:2)
  2 ball pythons
  4 frilled lizards
  2 goblins
  5 rats
46 creatures vanquished.

Notes
Turn   | Place    | Note
-------+----------+-------------------------------------------
     0 | D:1      | tacoguy the Hill Orc Fighter began the quest for the Orb.
     0 | D:1      | Reached XP level 1. HP: 19/19 MP: 1/1
    76 | D:1      | Reached XP level 2. HP: 27/27 MP: 2/2
   392 | D:1      | Reached XP level 3. HP: 31/33 MP: 3/3
  1288 | D:2      | Reached skill level 1 in Dodging
  1482 | D:2      | Reached XP level 4. HP: 40/40 MP: 4/4
  1495 | D:2      | Found a shimmering altar of Xom.
  1497 | D:2      | Found a snail-covered altar of Cheibriados.
  1773 | D:2      | Noticed Natasha
  1784 | D:2      | Killed Natasha
  1784 | D:2      | Reached XP level 5. HP: 24/47 MP: 5/5
  2177 | D:2      | Noticed Natasha
  2184 | D:2      | Killed Natasha
  2195 | D:2      | Noticed Natasha
  2212 | D:2      | Slain by Natasha

Illustrated notes

Levels and vault maps discovered:
D:1:      nzn_arrival_settlement, layout_basic
D:2:      layout_loops_ring, minitemple, uniq_natasha

Skill      XL: |  1  2  3  4  5 |
---------------+----------------+-----
Axes           | 3 4 |  4.0
Fighting       | 4 |  4.4
Dodging        | 1 |  1.4
Armour         | 4 |  4.1
Shields        | 4 |  4.1

Action                   |  1- 3 |  4- 6 || total
-------------------------+-------+-------++-------
Melee: War axe           |   102 |    62 ||   164
  Use: Scroll            |     2 |       ||     2
       Potion            |       |     3 ||     3
Armor: Scale mail        |    65 |    26 ||    91
Dodge: Dodged            |    34 |    24 ||    58
Block: Kite shield       |    76 |    34 ||   110

Table legend: (Time is in decaauts)
 A = Elapsed time spent in this place.
 B = Non-inter-level travel time spent in this place.
 C = Inter-level travel time spent in this place.
 D = Time resting spent in this place.
 E = Time spent auto-exploring this place.
 F = Levels seen in this place.
 G = Mean time per level.
                   A        B        C        D        E       F      G
               +--------+--------+--------+--------+--------+-----+--------+
         Total |   2308 |   2019 |    289 |    378 |   1177 |   2 | 1154.0 |
       Dungeon |   2308 |   2019 |    289 |    378 |   1177 |   2 | 1154.0 |
               +--------+--------+--------+--------+--------+-----+--------+

Top non-repeatable levels by time:
     D:2: 1366 daAuts
     D:1: 942 daAuts
